 Dungeon Crawl Stone Soup version 0.24.1-8-ga250c9d538 (webtiles) character file.

Game seed: 15313663566208737526, levelgen mode: deterministic

236 Atelerd the Conjurer (level 6, 0/32 HPs)
             Began as a Tengu Wizard on Apr 27, 2020.
             Slain by an orc
             ... wielding a +0 hand axe
              (6 damage)
             ... on level 3 of the Dungeon.
             The game lasted 00:06:26 (3202 turns).

Atelerd the Conjurer (Tengu Wizard)                 Turns: 3202, Time: 00:06:27

Health: 0/32       AC:  2    Str:  7    XL:     6   Next: 6%
Magic:  3/13       EV: 12    Int: 21    God:
Gold:   119        SH:  0    Dex: 12    Spells: 4/13 levels left

rFire    . . .     SeeInvis .   h - +0 short sword (elec)
rCold    . . .     Gourm    .   (no shield)
rNeg     . . .     Faith    .   a - +0 robe
rPois    +         Spirit   .   b - +0 hat
rElec    .         Reflect  .   (no cloak)
rCorr    +         Harm     .   (no gloves)
MR       .....                  (boots unavailable)
Stlth    ++........             (no amulet)
HPRegen  0.10/turn              i - ring of resist corrosion
MPRegen  0.13/turn              m - ring of poison resistance (curse)

@: very slightly contaminated
A: beak, talons 3, able to fly
a: Fly


You were on level 3 of the Dungeon.
You were not hungry.

You visited 1 branch of the dungeon, and saw 3 of its levels.

You collected 119 gold pieces.

Inventory:

Hand Weapons
 c - a +0 dagger
 e - a +0 spear
 h - a +0 short sword of electrocution (weapon)
 o - a +4 quarterstaff of chaos
Armour
 a - a +0 robe (worn)
 b - a +0 hat (worn)
Jewellery
 i - a ring of resist corrosion (left hand)
 k - an uncursed ring of ice
 m - a cursed ring of poison resistance (right hand)
Wands
 l - a wand of acid (5)
 n - a wand of random effects (16)
Scrolls
 f - a scroll of amnesia
 g - 2 scrolls of identify
 j - a scroll of fog
Comestibles
 d - 7 rations


   Skills:
 - Level 2.1 Dodging
 - Level 2.0 Stealth
 + Level 4.2 Spellcasting
 * Level 6.3 Conjurations
   Level 1.2 Summonings
 - Level 0.7 Translocations


You had 4 spell levels left.
You knew the following spells:

 Your Spells              Type           Power        Failure   Level  Hunger
a - Magic Dart            Conj           ####         1%          1    None
b - Mephitic Cloud        Conj/Pois/Air  ##......     14%         3    ###....
c - Blink                 Tloc           N/A          13%         2    #......
d - Conjure Flame         Conj/Fire      ###.....     10%         3    ###....

Your spell library contained the following spells:

 Spells                   Type           Power        Failure   Level  Hunger
 Call Imp                 Summ           #.......     11%         2    #......
 Confusing Touch          Hex            #.....       12%         1    None
 Slow                     Hex            #.......     19%         2    #......
 Gell's Gravitas          Tloc           #.........   26%         3    ###....
 Confuse                  Hex            #.......     34%         3    ###....
 Petrify                  Tmut/Erth      #.......     75%         4    ####...
 Metabolic Englaciation   Hex/Ice        #.........   97%         5    ######.
 Yara's Violent Unravell  Hex/Tmut       #.........   97%         5    ######.


Dungeon Overview and Level Annotations

Branches:
Dungeon (3/15)

Altars:
Trog

Annotations:
D:3 Sigmund


Innate Abilities, Weirdness & Mutations

You have a beak for a mouth.
You have claws for feet.
You can fly continuously.


Message History

Aim: an orc, wielding a +0 hand axe and wearing a +0 ring mail (severely wounded)
The magic dart hits the orc.
The orc is almost dead.
Casting: Magic Dart (safe; 1% risk of failure)
Confirm with . or Enter, or press ? or * to list all spells.
Aiming: Magic Dart (safe; 1% risk of failure)
Press: ? - help, Shift-Dir - straight line, f/p - orc
Aim: an orc, wielding a +0 hand axe and wearing a +0 ring mail (almost dead)
The magic dart hits the orc but does no damage.
The orc is almost dead.
The orc hits you with a +0 hand axe!
* * * LOW HITPOINT WARNING * * *
Casting: Magic Dart (safe; 1% risk of failure)
Confirm with . or Enter, or press ? or * to list all spells.
Aiming: Mephitic Cloud (safe; 14% risk of failure)
Press: ? - help, Shift-Dir - straight line, f/p - orc
Aim: an orc, wielding a +0 hand axe and wearing a +0 ring mail (almost dead)
You miscast Mephitic Cloud.
You feel faint for a moment. The orc hits you with a +0 hand axe.
You die...

....# #.# #..... ##.....## #.
.##.# #.# #.#.## ##>......## #>
..#.###.####....####.........####
...................+.........'...
........####....####.........####
.##.########.#.### #.....(.## #
###.# #..>....# ##.....## #.#
#.#.###o# ##...## ... #.#.###@#
##'## #.# # #..##.# #.# #.#
##.##.##.## #.# #.# #......)..#
##.## #..##)##..#####...##
#.....[.).#........# ####
#.###..)......#...####...
#####.#...##.####.#.#
...##.........###.


You could see an orc.

Vanquished Creatures
  Crazy Yiuf (D:3)
  Terence (D:3)
  Jessica (D:2)
  Ijyb (D:3)
  3 gnolls (D:3)
  2 adders
  2 oozes (D:1)
  A worm (D:2)
  4 dart slugs
  3 leopard geckos
  5 orcs (D:3)
  A ball python (D:3)
  4 bats
  5 giant cockroaches
  8 goblins
  7 hobgoblins
  6 kobolds
  8 rats
63 creatures vanquished.

Notes
Turn   | Place    | Note
-------+----------+-------------------------------------------
     0 | D:1      | Atelerd the Tengu Wizard began the quest for the Orb.
     0 | D:1      | Reached XP level 1. HP: 10/10 MP: 5/5
   123 | D:1      | Reached skill level 2 in Conjurations
   179 | D:1      | Reached XP level 2. HP: 15/15 MP: 5/7
   413 | D:1      | Reached skill level 3 in Conjurations
   639 | D:1      | Reached XP level 3. HP: 19/19 MP: 3/8
   653 | D:1      | Learned a level 3 spell: Mephitic Cloud
   656 | D:1      | Learned a level 2 spell: Blink
  1115 | D:2      | Noticed Jessica
  1396 | D:2      | Killed Jessica
  1396 | D:2      | Reached skill level 4 in Conjurations
  1396 | D:2      | Reached XP level 4. HP: 17/24 MP: 5/10
  2157 | D:2      | Found a bloodstained altar of Trog.
  2479 | D:3      | Learned a level 3 spell: Conjure Flame
  2523 | D:3      | Reached skill level 5 in Conjurations
  2593 | D:3      | Gained mutation: You can fly continuously. [Tengu growth]
  2593 | D:3      | Reached XP level 5. HP: 28/28 MP: 9/11
  2618 | D:3      | Found a runed translucent door.
  2619 | D:3      | Noticed Crazy Yiuf
  2657 | D:3      | Noticed Ijyb
  2665 | D:3      | Killed Ijyb
  2718 | D:3      | Noticed Terence
  2727 | D:3      | Killed Terence
  2820 | D:3      | Killed Crazy Yiuf
  2820 | D:3      | Reached skill level 6 in Conjurations
  3067 | D:3      | Reached XP level 6. HP: 25/32 MP: 7/13
  3121 | D:3      | Noticed Sigmund
  3202 | D:3      | Slain by an orc

Levels and vault maps discovered:
D:1:      minmay_arrival_shattered_statue, layout_basic, kennysheep_boxes
D:2:      layout_loops_cross, trog_hazing_becter, uniq_jessica
D:3:      layout_loops_corners, first_ration, uniq_terence,
          uniq_crazy_yiuf_cottage, uniq_ijyb, uniq_sigmund

Skill      XL: |  1  2  3  4  5 |
---------------+----------------+-----
Conjurations   | 2 3 4 5 6 |  6.3
Spellcasting   | 4 |  4.2
Dodging        | |  2.1
Stealth        | |  2.0
Summonings     | |  1.2
Translocations | |  0.7

Action                   |  1- 3 |  4- 6 || total
-------------------------+-------+-------++-------
Melee: Dagger            |    16 |       ||    16
       Unarmed           |     4 |       ||     4
       Kick              |     7 |     7 ||    14
       Peck              |     3 |     6 ||     9
       Short sword       |    10 |    56 ||    66
 Cast: Magic Dart        |    46 |    46 ||    92
       Mephitic Cloud    |       |    12 ||    12
       Blink             |       |     1 ||     1
Evoke: Wand              |       |     4 ||     4
  Use: Scroll            |       |     2 ||     2
 Stab: Sleeping          |       |     1 ||     1
       Confused          |       |     5 ||     5
  Eat: Chunk             |       |     8 ||     8
Armor: Robe              |     4 |     7 ||    11
Dodge: Dodged            |    23 |    35 ||    58
